 Dungeon Crawl Stone Soup version 0.20.0-8-g6b59dc7 (webtiles) character file.

167547 Peloso the Peltast (level 17, -5/142 HPs)
             Began as a Minotaur Fighter on June 1, 2017.
             Was the Champion of Okawaru.
             Killed from afar by a deep elf mage (46 damage)
             ... with a bolt of fire
             ... on level 1 of the Elven Halls.
             The game lasted 02:00:56 (38480 turns).

Peloso the Peltast (Minotaur Fighter)              Turns: 38480, Time: 02:01:01

Health: -5/142     AC: 24    Str: 31    XL:     17   Next: 31%
Magic:  17/17      EV: 12    Int:  5    God:    Okawaru [******]
Gold:   2773       SH: 27    Dex: 21    Spells: 16/16 levels left

rFire    x . .     SeeInvis .   F - +3 long sword "Dragonslayer" {slice, rF- Dex+8}
rCold    + + .     Gourm    .   J - +2 large shield "Ruise" {rC+ rCorr}
rNeg     + . .     Faith    +   b - +0 plate armour
rPois    .         Spirit   .   c - +1 hat {MR+}
rElec    .         Reflect  .   G - +0 cloak {MR+}
rCorr    +         Harm     .   l - +2 pair of gloves {Str+3}
MR       +++..                  (no boots)
Stlth    ..........             z - amulet of faith
Regen    0.4/turn               m - +3 ring of strength
MPRegen  0.2/turn               L - ring of the Moon {rC+ rN+}

@: lethally poisoned (-5 -> -45)
A: retaliatory headbutt, horns 2, frail 1
a: Heroism, Finesse, Renounce Religion


You were on level 1 of the Elven Halls.
You worshipped Okawaru.
Okawaru was exalted by your worship.
You were not hungry.

You visited 7 branches of the dungeon, and saw 27 of its levels.
You also visited: Labyrinth, Ice Cave and Volcano.

You collected 3241 gold pieces.
You spent 468 gold pieces at shops.

Inventory:

Hand Weapons
 a - a +3 great sword of draining
 F - the +3 long sword "Dragonslayer" (weapon) {slice, rF- Dex+8}
   (You found it in a labyrinth)

   It inflicts extra damage upon your enemies.
   It affects your dexterity (+8).
   It makes you vulnerable to fire.
 P - a +2 scimitar of flaming
Armour
 b - a +0 plate armour (worn)
 c - a +1 hat of magic resistance (worn)
 g - the +2 shield of Hedging {rElec rN++ Str-2}
   (Okawaru gifted it to you on level 1 of the Spider Nest)

   It affects your strength (-2).
   It insulates you from electricity.
   It greatly protects you from negative energy.
 l - a +2 pair of gloves of strength (worn)
 A - a scarf of resistance
 B - a scarf of repulsion
 C - a +2 shield of positive energy
 G - a +0 cloak of magic resistance (worn)
 J - the +2 large shield "Ruise" (worn) {rC+ rCorr}
   (Okawaru gifted it to you on level 1 of the Shoals)

   It protects you from cold.
   It protects you from acid and corrosion.
Jewellery
 m - a +3 ring of strength (left hand)
 z - an amulet of faith (around neck)
 H - an uncursed ring of protection from fire
 L - the ring of the Moon (right hand) {rC+ rN+}
   (You found it on level 6 of the Lair of Beasts)

   [ring of protection from cold]

   It protects you from cold.
   It protects you from negative energy.
 N - an uncursed amulet of rage
Wands
 j - a wand of iceblast (1/15)
 o - a wand of random effects (35/48)
 s - a wand of disintegration (3/24)
 O - a wand of lightning (3/15)
Scrolls
 d - 3 scrolls of identify
 e - 4 scrolls of fear
 h - 16 scrolls of remove curse
 u - 2 scrolls of teleportation
 v - 5 scrolls of blinking
 y - 4 scrolls of fog
 E - a scroll of amnesia
 R - 6 scrolls of recharging
 W - a scroll of summoning
Potions
 i - 3 potions of heal wounds
 p - 2 potions of haste
 q - a potion of agility
 r - 8 potions of curing
 w - 3 potions of flight
 x - a potion of magic
 I - a potion of resistance
 V - 3 potions of invisibility
Books
 D - a book of Summonings

   Spells                             Type                      Level
   a - Recall                         Summoning/Translocation      3
   b - Aura of Abjuration             Summoning                    5
   c - Summon Demon                   Summoning                    5
   d - Summon Forest                  Summoning/Translocation      5
   e - Summon Mana Viper              Hexes/Summoning              5
   f - Shadow Creatures               Summoning                    6
 M - a book of Conjurations

   Spells                             Type                      Level
   a - Magic Dart                     Conjuration                  1
   b - Searing Ray                    Conjuration                  2
   c - Dazzling Spray                 Conjuration/Hexes            3
   d - Fulminant Prism                Conjuration/Hexes            4
   e - Force Lance                    Conjuration/Translocation    4
   f - Iskenderun's Mystic Blast      Conjuration                  4
Comestibles
 f - 16 bread rations
 k - 9 royal jellies
 n - 15 meat rations
 t - a fruit
 K - 2 chunks of flesh


   Skills:
 + Level 16.1 Fighting
 + Level 17.4 Long Blades
 + Level 17.3 Armour
 + Level 5.3 Dodging
 + Level 2.7 Stealth
 + Level 20.3 Shields
 + Level 1.2 Invocations
 + Level 2.2 Evocations


You had 16 spell levels left.
You didn't know any spells.

Dungeon Overview and Level Annotations

Branches:
Dungeon (15/15) Temple (1/1) D:7 Lair (6/6) D:8 Shoals (1/4) Lair:4 Spider (1/4) Lair:4 Slime (0/5) Lair:6 Orc (2/2) D:11 Elf (1/3) Orc:2 Vaults (0/5) D:13 D:14 Depths (0/5) D:15

Altars:
Ashenzari
Cheibriados
Dithmenos
Elyvilon
Fedhas
Gozag
Kikubaaqudgha
Makhleb
Nemelex Xobeh
Okawaru
Qazlal
Ru
Sif Muna
Trog
Xom
Yredelemnul
Zin
The Shining One
Beogh
Jiyva

Shops:
D:11 [   Orc:2 [([(   Elf:1 }

Annotations:
Lair:6 exclusion: 2 oklob plants


Innate Abilities, Weirdness & Mutations

You reflexively headbutt those who attack you in melee.
You have a pair of horns on your head.
You are frail. (-10% HP)


Message History

The deep elf mage gestures wildly while chanting.
The deep elf mage blinks!
You barely miss the glaive of venom.
Your headbutt misses the glaive of venom.
The glaive of venom is moderately damaged.
You feel sick. The glaive of venom hits you!!
You are more poisoned.
You miss the glaive of venom.
You headbutt the glaive of venom, but do no damage.
The glaive of venom is moderately damaged.
* * * LOW HITPOINT WARNING * * *
You feel very sick. You block the glaive of venom's attack.
The deep elf mage casts a spell at you.
The bolt of fire hits the fire elemental.
The fire elemental completely resists.
The bolt of fire hits the glaive of venom.
The glaive of venom resists.
The bolt of fire hits you! The fire burns you terribly!
You die...

##.## #' ##.##
##)## #.# ##.##
#.## # #.###.##
.## #' ###'##.##
## ... ##...#'##
## ...§ ##.....##
.# ..... #.......#
.#
.....E####......^#
.+
....§s(@.'.......#
##
.....E#####.....##
# ....e ##...##
.... ##### ... ##


You could see a deep elf mage, 2 fire elementals, a redback and a glaive of
venom.

Vanquished Creatures
  Rupert (Lair:5)
  A titan (Shoals:1)
  Roxanne (D:15)
  A ghost moth (Spider:1)
  Louise (Elf:1)
  A frost giant (Shoals:1)
  An orc warlord (Orc:2)
  A stone giant (Orc:2)
  Nessos (D:14)
  An entropy weaver (Spider:1)
  A white draconian (IceCv)
  The ghost of schorsch312 the Messiah, a journeyman HOFi of Beogh (D:15)
  A merfolk impaler (Shoals:1)
  A minotaur (Lab)
  5 hydras
  An alligator snapping turtle (Shoals:1)
  2 centaur warriors
  3 merfolk aquamancers (Shoals:1)
  8 two-headed ogres
  4 catoblepae
  A dancing weapon (Elf:1)
  An ogre mage (D:15)
  The ghost of Fv001 the Cudgeler, a novice DsCK of Xom (D:10)
  10 death yaks
  Urug (Lair:3)
  2 deep elf knights (Orc:2)
  8 skeletal warriors
  8 sea snakes (Shoals:1)
  The ghost of dricus the Grappler, a novice TrMo of Makhleb (D:6)
  6 deep elf archers (Elf:1)
  A wizard (D:11)
  3 orc knights
  16 harpies (Shoals:1)
  9 wolf spiders (Spider:1)
  10 orb spiders (Spider:1)
  An anaconda skeleton (Volcano)
  29 deep elf magi
  7 cyclopes
  4 orc sorcerers
  5 ugly things
  4 oklob plants (Lair:1)
  5 fauns (Shoals:1)
  8 manticores
  3 merfolk sirens (Shoals:1)
  Psyche (D:8)
  A guardian serpent (D:10)
  An elephant (D:7)
  3 black mambas
  6 gargoyles
  A naga mage (D:15)
  9 spiny frogs
  2 torpor snails (Spider:1)
  An ice statue (IceCv)
  A kobold demonologist (D:15)
  7 komodo dragons
  3 demonic crawlers
  A redback zombie (D:15)
  An efreet (D:11)
  The ghost of Darkell the Magician, a novice DEFE (D:5)
  A wind drake (Shoals:1)
  5 trolls
  9 jumping spiders (Spider:1)
  4 merfolk (Shoals:1)
  6 harpy skeletons (Volcano)
  22 blink frogs
  17 polar bears
  A raiju (shapeshifter) (Elf:1)
  8 slime creatures (D:12)
  5 snapping turtles (Shoals:1)
  2 flying skulls (Volcano)
  15 dream sheep
  13 hippogriffs
  23 redbacks (Spider:1)
  2 shadows
  3 water elementals (Elf:1)
  An air elemental (Elf:1)
  11 tarantellas (Spider:1)
  A wraith (D:13)
  Sigmund (D:5)
  A yak (shapeshifter) (D:14)
  3 wyverns
  17 humans
  54 yaks
  3 fire bats (Lair:6)
  3 fire elementals
  3 hogs (D:7)
  4 basilisks
  4 hungry ghosts
  2 wargs (Orc:2)
  8 vampire mosquitoes
  6 swamp worms (Spider:1)
  Edmund (D:4)
  The ghost of Yermak the Poker, an amateur TeWr (D:7)
  An acid dragon (D:14)
  6 water moccasins
  10 porcupines
  6 sky beasts
  A hornet zombie (D:11)
  38 orc warriors
  5 ice beasts
  2 phantoms
  4 black bears
  A necrophage (D:11)
  13 ogres
  24 wolves
  10 centaurs (D:11)
  13 crocodiles
  A big kobold (D:10)
  A wyvern zombie (D:13)
  19 bullfrogs
  3 earth elementals (Elf:1)
  4 scorpions
  3 wyvern skeletons
  16 killer bees
  13 wights
  4 troll skeletons (Volcano)
  3 electric eels
  2 howler monkeys (D:12)
  2 jellies
  7 crimson imps
  A lava snake (Lair:5)
  A bullfrog zombie (D:11)
  2 centaur skeletons
  7 centaur zombies
  16 orc priests
  6 hounds
  32 orc wizards
  5 iguanas
  Terence (D:3)
  10 worker ants
  Natasha (thrice) (D:3)
  A hound skeleton (D:6)
  3 worker ant zombies
  16 adders
  7 gnolls
  2 shadow imps
  12 white imps (Lair:3)
  An adder skeleton (D:9)
  16 worms
  3 dart slugs
  3 leopard geckos
  108 orcs
  7 giant cockroaches
  10 goblins
  7 hobgoblins
  10 jackals
  10 kobolds
  12 quokkas
  6 bats
  6 frilled lizards
  A jackal skeleton (D:6)
  2 leopard gecko skeletons
  2 quokka skeletons (D:5)
  6 rats
  2 plants
1029 creatures vanquished.

Vanquished Creatures (others)
  A merfolk aquamancer (Shoals:1)
  A deep elf knight (Elf:1)
  A flying skull (Volcano)
  A tarantella (Spider:1)
  A yak (IceCv)
  A vampire mosquito (D:14)
  9 fungi
  27 plants
42 creatures vanquished.

Grand Total: 1071 creatures vanquished

Notes
Turn   | Place    | Note
-------+----------+-------------------------------------------
     0 | D:1      | Peloso the Minotaur Fighter began the quest for the Orb.
     0 | D:1      | Reached XP level 1. HP: 19/19 MP: 0/0
   205 | D:1      | Reached XP level 2. HP: 27/27 MP: 1/1
   594 | D:1      | Reached skill level 4 in Shields
   594 | D:1      | Reached XP level 3. HP: 33/33 MP: 2/2
  1098 | D:2      | Found a blossoming altar of Fedhas.
  1437 | D:2      | Reached XP level 4. HP: 40/40 MP: 3/3
  1693 | D:3      | Found a faded altar of an unknown god.
  1828 | D:3      | Noticed Terence
  1842 | D:3      | Killed Terence
  1955 | D:3      | Noticed Natasha
  1958 | D:3      | Killed Natasha
  2012 | D:3      | Noticed Natasha
  2018 | D:3      | Killed Natasha
  2018 | D:3      | Reached XP level 5. HP: 35/46 MP: 4/4
  2174 | D:3      | Noticed Natasha
  2183 | D:3      | Killed Natasha
  2574 | D:4      | Noticed Edmund
  2588 | D:4      | Killed Edmund
  2588 | D:4      | Reached skill level 5 in Long Blades
  2588 | D:4      | Reached skill level 5 in Armour
  2588 | D:4      | Reached skill level 5 in Shields
  2588 | D:4      | Reached XP level 6. HP: 35/53 MP: 5/5
  2722 | D:4      | Reached skill level 1 in Dodging
  2952 | D:4      | Reached XP level 7. HP: 58/60 MP: 6/6
  3341 | D:5      | Entered Level 5 of the Dungeon
  3423 | D:5      | Found a deep blue altar of Sif Muna.
  3512 | D:5      | Noticed Darkell's ghost (novice DEFE)
  3529 | D:5      | Killed Darkell's ghost
  3529 | D:5      | Reached skill level 5 in Fighting
  3529 | D:5      | Reached skill level 6 in Shields
  3643 | D:5      | Noticed Sigmund
  3659 | D:5      | Killed Sigmund
  3659 | D:5      | Reached XP level 8. HP: 37/68 MP: 7/7
  4411 | D:6      | Noticed dricus's ghost (novice TrMo)
  4433 | D:6      | Killed dricus's ghost
  4433 | D:6      | Reached skill level 7 in Shields
  5336 | D:7      | Reached XP level 9. HP: 75/75 MP: 8/8
  5676 | D:7      | Found a staircase to the Ecumenical Temple.
  5685 | Temple   | Entered the Ecumenical Temple
  5758 | Temple   | Became a worshipper of Warmaster Okawaru
  5826 | D:7      | Noticed Yermak's ghost (amateur TeWr)
  5836 | D:7      | Killed Yermak's ghost
  5851 | D:7      | Reached skill level 1 in Stealth
  5900 | D:7      | Reached skill level 10 in Long Blades
  6318 | D:7      | Reached * piety under Okawaru
  6575 | D:7      | Reached skill level 8 in Shields
  6591 | D:7      | Reached ** piety under Okawaru
  6606 | D:7      | Reached XP level 10. HP: 48/86 MP: 9/9
  6916 | D:6      | Found a stormy altar of Qazlal.
  7016 | D:8      | Reached skill level 10 in Armour
  7159 | D:8      | Reached *** piety under Okawaru
  7203 | D:8      | Found a staircase to the Lair.
  7203 | D:8      | Noticed an elephant
  7369 | D:7      | Killed an elephant
  7740 | D:9      | Noticed Psyche
  7755 | D:8      | Killed Psyche
  7886 | D:8      | Reached **** piety under Okawaru
  8004 | D:9      | Reached skill level 9 in Shields
  8434 | D:9      | Noticed a two-headed ogre
  8463 | D:9      | Killed a two-headed ogre
  8475 | D:9      | Reached ***** piety under Okawaru
  8537 | D:9      | Found a shimmering altar of Xom.
  8756 | D:10     | Entered Level 10 of the Dungeon
  8836 | D:10     | Noticed Fv001's ghost (novice DsCK)
  8858 | D:10     | Killed Fv001's ghost
  8858 | D:10     | Reached XP level 11. HP: 91/95 MP: 10/10
  9162 | D:10     | Received a gift from Okawaru
  9313 | D:10     | Reached skill level 10 in Shields
  9769 | D:10     | Received a gift from Okawaru
 10356 | D:11     | Found Aqit's Armour Shop.
 10356 | D:11     | Found a staircase to the Orcish Mines.
 10635 | D:11     | Noticed a two-headed ogre
 10643 | D:11     | Killed a two-headed ogre
 10951 | D:11     | Noticed a wizard
 10967 | D:11     | Killed a wizard
 10967 | D:11     | Reached skill level 11 in Shields
 11196 | D:11     | Noticed a skeletal warrior
 11200 | D:11     | Noticed a skeletal warrior
 11213 | D:11     | Killed a skeletal warrior
 11225 | D:11     | Killed a skeletal warrior
 11225 | D:11     | Reached ****** piety under Okawaru
 11225 | D:11     | Reached skill level 1 in Evocations
 11240 | D:11     | Noticed a skeletal warrior
 11259 | D:11     | Killed a skeletal warrior
 11655 | D:12     | Noticed a six-headed hydra
 11663 | D:12     | Killed a four-headed hydra
 11663 | D:12     | Reached XP level 12. HP: 77/105 MP: 12/12
 11878 | D:12     | Received a gift from Okawaru
 12883 | Lair:1   | Entered Level 1 of the Lair of Beasts
 13097 | Lair:1   | Reached skill level 10 in Fighting
 13683 | Lair:2   | Reached skill level 12 in Shields
 13983 | Lair:2   | Noticed a four-headed hydra
 13994 | Lair:2   | Killed a one-headed hydra
 14274 | Lair:3   | Noticed Urug
 14286 | Lair:3   | Killed Urug
 14358 | Lair:3   | Found a frozen archway.
 14369 | IceCv    | Entered an ice cave
 14402 | IceCv    | Received a gift from Okawaru
 14406 | IceCv    | Got a transparent great sword {god gift}
 15035 | IceCv    | Reached XP level 13. HP: 93/115 MP: 13/13
 15181 | IceCv    | Reached skill level 13 in Shields
 15273 | IceCv    | Received a gift from Okawaru
 15379 | IceCv    | Noticed a white draconian
 15399 | IceCv    | Killed a white draconian
 16940 | Lair:4   | Reached skill level 14 in Shields
 17095 | Lair:4   | Found a staircase to the Shoals.
 17232 | Lair:4   | Found a hole to the Spider Nest.
 17625 | Lair:5   | Noticed Rupert
 17637 | Lair:5   | Killed Rupert
 17637 | Lair:5   | Received a gift from Okawaru
 17637 | Lair:5   | Reached skill level 15 in Long Blades
 18974 | Lair:1   | Identified the +4 great sword "Jeafev" {slice, SInv} (Okawaru gifted it to you in an ice cave)
 19065 | Lair:6   | Entered Level 6 of the Lair of Beasts
 19087 | Lair:6   | Found a dark tunnel.
 19143 | Lair:6   | Found a labyrinth entrance.
 19176 | Lab      | Entered a labyrinth
 19445 | Lab      | Noticed a minotaur
 19453 | Lab      | Killed a minotaur
 19453 | Lab      | Reached XP level 14. HP: 120/127 MP: 11/14
 19456 | Lab      | Got a brightly glowing long sword
 19459 | Lab      | Identified the +3 long sword "Dragonslayer" {slice, rF- Dex+8} (You found it in a labyrinth)
 19523 | Volcano  | Entered a volcano
 19636 | Volcano  | Reached skill level 15 in Shields
 20405 | Lair:6   | Received a gift from Okawaru
 20801 | Lair:6   | Reached skill level 15 in Armour
 21277 | Lair:6   | Got a wavering amber ring
 21278 | Lair:6   | Identified the ring of the Moon {rC+ rN+} (You found it on level 6 of the Lair of Beasts)
 21512 | Lair:6   | Found a staircase to the Slime Pits.
 21513 | Lair:6   | Found a viscous altar of Jiyva.
 21697 | Lair:6   | Received a gift from Okawaru
 22106 | Lair:6   | Got a shimmering spear
 22107 | Lair:6   | Identified the +1 spear of the Modern Nights {pierce, Str+3} (You found it on level 6 of the Lair of Beasts)
 22554 | D:13     | Reached skill level 16 in Shields
 23225 | D:14     | Found a gate to the Vaults.
 23225 | D:14     | Noticed Nessos
 23411 | D:13     | Reached XP level 15. HP: 130/137 MP: 15/15
 23893 | D:14     | Received a gift from Okawaru
 23912 | D:14     | Killed Nessos
 24981 | Orc:1    | Entered Level 1 of the Orcish Mines
 25269 | Orc:2    | Entered Level 2 of the Orcish Mines
 25269 | Orc:2    | Found a staircase to the Elven Halls.
 25626 | Orc:2    | Found a roughly hewn altar of Beogh.
 25760 | Orc:2    | Found a roughly hewn altar of Beogh.
 25761 | Orc:2    | Found Asumaqi's Antique Weapon Emporium.
 25820 | Orc:2    | Bought a runed demon blade for 468 gold pieces
 25931 | Orc:2    | Found a roughly hewn altar of Beogh.
 26019 | Orc:2    | Found a roughly hewn altar of Beogh.
 26069 | Orc:2    | Found a roughly hewn altar of Beogh.
 26124 | Orc:2    | Reached skill level 17 in Shields
 26269 | Orc:2    | Noticed an orc warlord
 26536 | Orc:2    | Killed an orc warlord
 26536 | Orc:2    | Reached skill level 1 in Invocations
 26752 | Orc:2    | Found Eduilu's Antique Armour Shoppe.
 26768 | Orc:2    | Found Liazxaah's Antique Weapon Emporium.
 26769 | Orc:2    | Found a roughly hewn altar of Beogh.
 26822 | Orc:2    | Found Zofom's Antique Armour Shoppe.
 26899 | Orc:2    | Found a roughly hewn altar of Beogh.
 27239 | Orc:2    | Received a gift from Okawaru
 28095 | D:15     | Entered Level 15 of the Dungeon
 28302 | D:15     | Noticed schorsch312's ghost (journeyman HOFi)
 28322 | D:15     | Killed schorsch312's ghost
 28324 | D:15     | Noticed Roxanne
 29184 | D:15     | Found an opulent altar of Gozag.
 29266 | D:15     | Received a gift from Okawaru
 29325 | D:15     | Found a staircase to the Depths.
 29503 | D:15     | Killed Roxanne
 29958 | Lair:1   | Reached skill level 18 in Shields
 30046 | Spider:1 | Entered Level 1 of the Spider Nest
 30114 | Spider:1 | Received a gift from Okawaru
 30119 | Spider:1 | Got a heavily runed shield {god gift}
 30130 | Spider:1 | Identified the +2 shield of Hedging {rElec rN++ Str-2} (Okawaru gifted it to you on level 1 of the Spider Nest)
 30304 | Spider:1 | Reached XP level 16. HP: 100/147 MP: 16/16
 30976 | Spider:1 | Reached skill level 15 in Fighting
 32764 | Shoals:1 | Entered Level 1 of the Shoals
 32769 | Shoals:1 | Received a gift from Okawaru
 32984 | Shoals:1 | Reached skill level 19 in Shields
 33709 | Shoals:1 | Noticed a titan
 33726 | Shoals:1 | Received a gift from Okawaru
 33734 | Shoals:1 | Got a distressingly furry large shield {god gift}
 33767 | Shoals:1 | Killed a titan
 34062 | Shoals:1 | Identified the +2 large shield "Ruise" {rC+ rCorr} (Okawaru gifted it to you on level 1 of the Shoals)
 35545 | Shoals:1 | Reached skill level 5 in Dodging
 35577 | Shoals:1 | HP: 4/150 [alligator snapping turtle (16)]
 36434 | Elf:1    | Entered Level 1 of the Elven Halls
 36506 | Orc:2    | Reached XP level 17. HP: 157/157 MP: 17/17
 36634 | Orc:2    | Received a gift from Okawaru
 36721 | Orc:2    | Reached skill level 20 in Shields
 36752 | Elf:1    | Gained mutation: You are frail. (-10% HP) [a neqoxec]
 36947 | Elf:1    | Noticed Louise
 36980 | Elf:1    | Killed Louise
 37609 | Elf:1    | Found an ancient bone altar of Kikubaaqudgha.
 38372 | Elf:1    | Found Atusecum's Gadget Boutique.
 38480 | Elf:1    | Killed from afar by a deep elf mage

Skill      XL: |  1  2  3  4  5  6  7  8  9 10 11 12 13 14 15 16 17 |
---------------+----------------------------------------------------+-----
Armour         | 4 5 6 8 9 11 12 13 14 15 16 17 | 17.3
Fighting       | 4 5 7 8 9 10 12 13 14 15 16 | 16.1
Shields        | 4 5 6 7 8 9 11 12 14 16 18 19 20 | 20.3
Long Blades    | 3 4 5 7 9 10 12 13 14 15 16 17 | 17.4
Dodging        | 1 2 3 4 5 |  5.3
Stealth        | 1 2 |  2.7
Evocations     | 1 2 |  2.2
Invocations    | 1 |  1.2

Action                   |  1- 3 |  4- 6 |  7- 9 | 10-12 | 13-15 | 16-18 || total
-------------------------+-------+-------+-------+-------+-------+-------++-------
Melee: Long sword        |   105 |   122 |   325 |   519 |  1287 |   932 ||  3290
       Headbutt          |    18 |    18 |    66 |   223 |   603 |   375 ||  1303
       Scimitar          |       |       |       |   429 |   488 |     7 ||   924
Invok: Heroism           |       |       |       |     5 |    11 |     5 ||    21
Evoke: Wand              |       |       |     3 |    15 |     2 |     3 ||    23
  Use: Scroll            |       |     6 |     6 |    15 |    11 |     7 ||    45
       Potion            |       |       |     5 |     1 |     3 |     4 ||    13
 Stab: Invisible         |       |       |       |     2 |       |       ||     2
  Eat: Chunk             |     2 |     5 |    16 |    31 |    43 |    26 ||   123
       Fruit             |       |       |       |       |     3 |     2 ||     5
       Royal jelly       |       |       |       |       |     2 |       ||     2
Armor: Scale mail        |    19 |       |       |       |       |       ||    19
       Chain mail        |    36 |    53 |   103 |       |       |       ||   192
       Plate armour      |       |       |    19 |   435 |   542 |   327 ||  1323
Dodge: Dodged            |    24 |    23 |    75 |   214 |   416 |   232 ||   984
       Deflected         |       |       |       |       |       |    17 ||    17
Block: Shield            |    61 |    62 |   154 |   531 |  1310 |   423 ||  2541
       Large shield      |       |       |       |       |       |   540 ||   540
       Rpst.: Long sword |     6 |     2 |    19 |    32 |    61 |    41 ||   161
       Scimitar          |       |       |       |    32 |    31 |       ||    63
